 Dungeon Crawl Stone Soup version 0.30-a0-6-g7c9e10e132 (webtiles) character file.

Game seed: 4204652919228307784

23 SensoryNuts the Sneak (level 2, 0/22 HPs)
             Began as a Vampire Brigand on Aug 22, 2022.
             Slain by a hobgoblin (3 damage)
             ... on level 1 of the Dungeon.
             The game lasted 00:00:38 (346 turns).

SensoryNuts the Sneak (Vampire Brigand)              Turns: 346, Time: 00:00:38

Health: 0/22       AC:  3    Str: 10    XL:     2   Next: 75%
Magic:  2/2        EV: 12    Int: 13    God:
Gold:   54         SH:  0    Dex: 15    Spells: 1/1 levels left

rFire   . . .      SeeInvis +    a - +2 dagger
rCold   . . .      Faith    .    (no shield)
rNeg    . . .      Spirit   .    b - +0 robe
rPois   .          Reflect  .    (no helmet)
rElec   .          Harm     .    c - +0 cloak
rCorr   .          Rampage  .    (no gloves)
Will    .....                    (no boots)
Stlth   +++.......               (no amulet)
HPRegen 0.27/turn                (no ring)
MPRegen 0.08/turn                (no ring)

@: healing quickly
A: alive, fangs 3, see invisible, vampiric 1
a: Exsanguinate


You were on level 1 of the Dungeon.
You visited 1 branch of the dungeon, and saw 1 of its levels.

You collected 54 gold pieces.

Inventory:

Hand Weapons
 a - a +2 dagger (weapon)
Missiles
 d - 9 poisoned darts (quivered)
 e - 3 curare-tipped darts
Armour
 b - a +0 robe (worn)
 c - a +0 cloak (worn)
Scrolls
 f - 2 scrolls of identify {unknown}


   Skills:
 + Level 1.9 Fighting
 * Level 2.3 Short Blades
 + Level 1.7 Throwing
 + Level 1.1 Dodging
 + Level 7.0 Stealth


You had one spell level left.
You didn't know any spells.
Your spell library was empty.

Dungeon Overview and Level Annotations

Branches:
Dungeon (1/15)

Altars:


Innate Abilities, Weirdness & Mutations

Your natural rate of healing is accelerated.
You have razor-sharp teeth.
You have supernaturally acute eyesight. (SInv)
You are afflicted with vampirism.


Message History

The bat completely misses you. The ball python barely misses you.
The ball python grabs you. The ball python constricts you.
You hit the ball python.
The ball python is heavily wounded.
The ball python bites you. The ball python constricts you.
The hobgoblin closely misses you.
You are too injured to fight recklessly!
There are monsters nearby!
There are monsters nearby!
There are monsters nearby!
You are too injured to fight recklessly!
Unknown command.
You are too injured to fight recklessly!
Unknown command.
You are too injured to fight recklessly!
Unknown command.
You are too injured to fight recklessly!
You aren't carrying any potions.
The ball python's grasp on you weakens, but your attempt to escape fails.
The ball python bites you but does no damage.
The ball python constricts you.
The hobgoblin hits you but does no damage.
The ball python bites you but does no damage.
The ball python constricts you.
Unknown command.
You escape the ball python's grasp.
An endoplasm comes into view.
You aren't carrying any potions.
You barely miss the hobgoblin.
The endoplasm quivers.
Your bite misses the hobgoblin. The hobgoblin hits you.
You closely miss the hobgoblin. The hobgoblin hits you.
The endoplasm freezes you.
You are frozen.
* * * LOW HITPOINT WARNING * * *
The hobgoblin barely misses you. The hobgoblin hits you.
* * * LOW HITPOINT WARNING * * *
The hobgoblin attacks as you move away! The hobgoblin hits you.
You die...

......# ......#
.# ..8...# .#
......# ###.#
......+ #..> ##
####### #... .
..# .##
#.##..##..
#@#K?$.... ..
#JgS$$.# ..
#.##g.## .
###.###.## .
#.......... #
#########
#.##.#####. #
#.......# #.# .#
# ###.#####.#
#.# ..
....#####.####.#
###


You could see an endoplasm, 2 hobgoblins and a ball python.

Vanquished Creatures
  A dart slug (D:1)
  2 endoplasms (D:1)
  A giant cockroach (D:1)
  3 hobgoblins (D:1)
  A kobold (D:1)
  2 quokkas (D:1)
  3 bats (D:1)
  A frilled lizard (D:1)
  3 goblins (D:1)
  2 rats (D:1)
19 creatures vanquished.

Notes
Turn   | Place    | Note
-------+----------+-------------------------------------------
     0 | D:1      | SensoryNuts the Vampire Brigand began the quest for the
                  | Orb.
     0 | D:1      | Reached XP level 1. HP: 16/16 MP: 1/1
    79 | D:1      | Reached skill level 6 in Stealth
   153 | D:1      | Reached XP level 2. HP: 22/22 MP: 2/2
   337 | D:1      | Reached skill level 7 in Stealth
   346 | D:1      | Slain by a hobgoblin

Illustrated notes

Levels and vault maps discovered:
D:1:      evilmike_arrival_fibonacci_small, layout_loops_cross,
          minmay_pentomino_p4

Skill      XL: |  1  2 |
---------------+-------+-----
Stealth        | 6 7 |  7.0
Fighting       | |  1.9
Short Blades   | |  2.3
Throwing       | |  1.7
Dodging        | |  1.1

Action                   || total
-------------------------++-------
Melee: Dagger            ||    41
       Bite              ||     4
 Stab: Sleeping          ||     9
Armor: Robe              ||     8
Dodge: Dodged            ||    18

Table legend: (Time is in decaauts)
 A = Elapsed time spent in this place.
 B = Non-inter-level travel time spent in this place.
 C = Inter-level travel time spent in this place.
 D = Time resting spent in this place.
 E = Time spent auto-exploring this place.
 F = Levels seen in this place.
 G = Mean time per level.
                   A        B        C        D        E       F      G
               +--------+--------+--------+--------+--------+-----+--------+
         Total |    341 |    341 |      0 |      0 |    238 |   1 |  341.0 |
       Dungeon |    341 |    341 |      0 |      0 |    238 |   1 |  341.0 |
               +--------+--------+--------+--------+--------+-----+--------+

Top non-repeatable levels by time:
     D:1: 341 daAuts
